 Dungeon Crawl Stone Soup version 0.28.0-49-g6dfe1f597d (webtiles) character file.

Game seed: 2313866898411591747

15 Exodus22XD the Covered (level 2, 13/27 HPs)
             Began as a Deep Dwarf Fighter on May 14, 2022.
             Was a Follower of Nemelex Xobeh.
             Quit the game on level 1 of the Dungeon on May 15, 2022.
             The game lasted 00:00:35 (349 turns).

Exodus22XD the Covered (Deep Dwarf Fighter)          Turns: 349, Time: 00:00:36

Health: 13/27      AC:  6    Str: 19    XL:     2   Next: 34%
Magic:  2/2        EV:  9    Int:  8    God:    Nemelex Xobeh [*.....]
Gold:   40         SH:  4    Dex: 12    Spells: 1/1 levels left

rFire   . . .      SeeInvis .   a - +0 war axe
rCold   . . .      Faith    .   c - +0 buckler
rNeg    . . .      Spirit   .   b - +0 scale mail
rPois   .          Reflect  .   (no helmet)
rElec   .          Harm     .   (no cloak)
rCorr   .          Rampage  .   (no gloves)
Will    .....                   (no boots)
Stlth   ..........              (no amulet)
HPRegen 0.00/turn               (no ring)
MPRegen 0.08/turn               (no ring)

@: no status effects
A: damage resistance, heal wounds, sense surroundings 1, no regeneration
a: Heal Wounds, Renounce Religion, Draw Escape, Draw Destruction, Draw Summoning


You were on level 1 of the Dungeon.
You worshipped Nemelex Xobeh.
Nemelex Xobeh was aware of your devotion.
You visited 1 branch of the dungeon, and saw 1 of its levels.

You collected 40 gold pieces.

Inventory:

Hand Weapons
 a - a +0 war axe (weapon)
Armour
 b - a +0 scale mail (worn)
 c - a +0 buckler (worn)
Potions
 d - a potion of might
 e - a potion of mutation {unknown}
 f - 2 potions of curing {unknown}


   Skills:
 + Level 2.8 Fighting
 + Level 2.5 Axes
 + Level 3.6 Armour
 + Level 3.5 Shields


You had one spell level left.
You didn't know any spells.
Your spell library was empty.

Dungeon Overview and Level Annotations

Branches:
Dungeon (1/15)

Altars:
Nemelex Xobeh


Innate Abilities, Weirdness & Mutations

You are resistant to damage.
You can heal yourself by infusing magical energy.
You passively map a small area around you.
You do not regenerate.


Message History

You hit the plant. x2
You slash the fungus!
The fungus is lightly damaged.
You hit the plant. x2; A nearby fungus withers and dies.
A nearby plant withers and dies. x2
You slash the plant!
The plant begins to die.
The plant is lightly damaged.
You hit the plant but do no damage.
The plant is lightly damaged.
You slash the plant!
The plant is lightly damaged.
A nearby plant withers and dies.
A frilled lizard comes into view.
Found a faded altar of an unknown god.
The frilled lizard hisses angrily.
You enter the shallow water.
Moving in this stuff is going to be slow.
The frilled lizard barely misses you. The frilled lizard closely misses you.
You hit the frilled lizard.
The frilled lizard is heavily wounded.
The frilled lizard bites you but does no damage.
You closely miss the frilled lizard.
The frilled lizard is heavily wounded.
You block the frilled lizard's attack.
The frilled lizard bites you but does no damage.
You barely miss the frilled lizard.
The frilled lizard bites you but does no damage.
You closely miss the frilled lizard.
The frilled lizard bites you but does no damage.
You closely miss the frilled lizard. The frilled lizard barely misses you.
The frilled lizard bites you but does no damage.
You hit the frilled lizard.
You kill the frilled lizard!
There is a faded altar of an unknown god here.
You cannot tell which god this altar belongs to.
Convert to them anyway?
Nemelex Xobeh accepts your prayer! Nemelex Xobeh welcomes you!
You can now draw from decks of power.
Nemelex will now gift you decks of power as you gain piety.
Are you sure you want to abandon this character and quit the game? (Confirm with "yes".)

..## *#..# #.# #.#
#...)..# ### *#...#
#.# ##.#####.#.#
#####....# #.#
*#.###....#
##.......#
###.#######.#.....###
.........#
#....................
###...####
#.........###.###(###
#...# #.....####.P#.#
.# ###...###
#...###...P..(.# .#
#.†.....#
#.###@.........# .#
........# #.
###.....≈#.# *
#.......#**#.
#..P..≈.P#.# ^
###..........
#..P⌠....#.# *
#..........
###.≈P..P..# * ,
##########.
....P...###
,,.....PP...# * *
............, , , *
###########.#


There were no monsters in sight!

Vanquished Creatures
  2 ball pythons (D:1)
  2 endoplasms (D:1)
  2 giant cockroaches (D:1)
  A hobgoblin (D:1)
  2 quokkas (D:1)
  A bat (D:1)
  A frilled lizard (D:1)
  A kobold (D:1)
  A rat (D:1)
13 creatures vanquished.

Vanquished Creatures (others)
  3 fungi (D:1)
  6 plants (D:1)
9 creatures vanquished.

Grand Total: 22 creatures vanquished

Notes
Turn   | Place    | Note
-------+----------+-------------------------------------------
     0 | D:1      | Exodus22XD the Deep Dwarf Fighter began the quest for the
                  | Orb.
     0 | D:1      | Reached XP level 1. HP: 20/20 MP: 1/1
   268 | D:1      | Reached XP level 2. HP: 14/27 MP: 2/2
   332 | D:1      | Found a faded altar of an unknown god.
   348 | D:1      | Prayed at the altar of an unknown god.
   348 | D:1      | Became a worshipper of Nemelex Xobeh the Trickster
   348 | D:1      | Reached * piety under Nemelex Xobeh
   349 | D:1      | Quit the game

Illustrated notes

Levels and vault maps discovered:
D:1:      dpeg_arrival_concentric_ovals, layout_loops_ring,
          shapermc_ecumenical_altar_mp_ritualfount

Action                   || total
-------------------------++-------
Melee: War axe           ||    47
Armor: Scale mail        ||    22
Dodge: Dodged            ||    15
Block: Buckler           ||     8
